 Dungeon Crawl Stone Soup version 0.26.0-10-g1f06aea511 (webtiles) character file.

Game seed: 8829139683477385717

347 sanka the Covert (level 6, 0/61 HPs)
             Began as a Naga Delver on Jan 20, 2021.
             Slain by a bullfrog skeleton (4 damage)
             ... on level 4 of the Dungeon.
             The game lasted 00:07:22 (4259 turns).

sanka the Covert (Naga Delver)                      Turns: 4259, Time: 00:07:23

Health: 0/61       AC:  3    Str: 15    XL:     6   Next: 59%
Magic:  6/6        EV: 10    Int: 12    God:
Gold:   73         SH:  0    Dex: 18    Spells: 5/5 levels left

rFire    . . .     SeeInvis +   t - +0 flail
rCold    . . .     Faith    .   (no shield)
rNeg     . . .     Spirit   .   b - +0 leather armour
rPois    +         Reflect  .   (no helmet)
rElec    .         Harm     .   (no cloak)
rCorr    .         Rampage  .   (no gloves)
Will     .....                  (no barding)
Stlth    ++++......             (no amulet)
HPRegen  0.20/turn              (no ring)
MPRegen  0.10/turn              u - +6 ring of dexterity

@: very slow
A: large, see invisible, deformed body, poison resistance, slowness 2, spit
poison 1, AC +2
a: Spit Poison


You were on level 4 of the Dungeon.
You visited 1 branch of the dungeon, and saw 5 of its levels.

You collected 73 gold pieces.


Innate Abilities, Weirdness & Mutations

You cannot wear boots.
Your serpentine skin is tough. (AC +2)
You have supernaturally acute eyesight. (SInv)
Armour fits poorly on your strangely shaped body.
Your system is resistant to poisons. (rPois)
You cover ground very slowly.
You can spit poison.


   Skills:
 + Level 5.5 Fighting
 - Level 4.4 Axes
 - Level 1.5 Dodging
 - Level 8.0 Stealth


You had 5 spell levels left.
You didn't know any spells.
Your spell library contained the following spells:

 Spells                   Type           Power        Failure   Level
 Magic Dart               Conj           0%           38%         1
 Blink                    Tloc           N/A          52%         2
 Call Imp                 Summ           0%           52%         2
 Slow                     Hex            0%           52%         2
 Confusing Touch          Hex            0%           77%         3
 Conjure Flame            Conj/Fire      0%           77%         3
 Gell's Gravitas          Tloc           0%           77%         3
 Mephitic Cloud           Conj/Pois/Air  0%           77%         3
 Petrify                  Tmut/Erth      0%           99%         4
 Metabolic Englaciation   Hex/Ice        0%           100%        5
 Yara's Violent Unravell  Hex/Tmut       0%           100%        5

Inventory:

Hand Weapons
 a - a +0 hand axe
 t - a +0 flail (weapon)
 v - a +1 dagger of venom
Armour
 b - a +0 leather armour (worn)
Magical Staves
 i - an uncursed staff of conjuration
Jewellery
 j - an uncursed ring of ice
 u - a +6 ring of dexterity (right hand)
Wands
 g - a wand of digging (3)
Scrolls
 c - a scroll of fog
 d - a scroll of magic mapping
 e - 3 scrolls of identify {unknown}
 h - 2 scrolls of amnesia {unknown}
 k - 4 scrolls of enchant armour {unknown}
 l - 2 scrolls of teleportation {unknown}
 m - a scroll of immolation {unknown}
 s - a scroll of blinking {unknown}
Potions
 f - 3 potions of haste {@q3}
 n - a potion of lignification {unknown}
 o - a potion of berserk rage {unknown}
 p - a potion of might {unknown}
 q - 3 potions of curing {unknown}
 r - 2 potions of ambrosia {unknown}
 w - 3 potions of attraction {unknown}

Dungeon Overview and Level Annotations

Branches:
Dungeon (5/15)
 Temple: D:4-7

Altars:
Ashenzari
Elyvilon
Qazlal
Sif Muna
Yredelemnul

▒(▒...▒.▒..........▒
▒.▒...▒.▒▒.▒..▒▒.▒.▒
▒.▒...▒.▒▒.▒..▒▒.▒.▒▒
▒.▒...+....▒.▒......▒
▒.▒...▒.▒▒.._.......▒▒▒▒
.......>)).▒.▒.........▒
▒▒▒▒▒▒▒▒▒▒.▒.▒▒..▒.....▒
▒......▒▒.....▒.▒ ▒
▒...)..NZ.†.....▒ ▒
..▒▒▒▒▒....▒▒.......▒ +
.........▒........▒.▒ ▒
.........+....▒...▒.▒ ▒
.........▒▒▒▒.....▒ ▒
▒▒▒....... ▒.▒..▒▒ ▒ ▒+▒
▒.....£.. ▒.▒ .▒ ▒....
▒.........▒.▒ .. ▒....
▒.........▒


You could see a bullfrog skeleton.


Message History

The bullfrog skeleton barely misses you.
You thump the bullfrog skeleton!
The bullfrog skeleton is moderately damaged.
The bullfrog skeleton hits you but does no damage.
You sock the bullfrog skeleton!
The bullfrog skeleton is heavily damaged.
The bullfrog skeleton barely misses you.
The bullfrog skeleton hits you.
* * * LOW HITPOINT WARNING * * *
You hit the bullfrog skeleton.
The bullfrog skeleton is severely damaged.
The bullfrog skeleton completely misses you.
You completely miss the bullfrog skeleton.
The bullfrog skeleton is severely damaged.
The bullfrog skeleton barely misses you.
The bullfrog skeleton hits you but does no damage.
You hit the bullfrog skeleton.
The bullfrog skeleton is almost destroyed.
The bullfrog skeleton barely misses you.
The bullfrog skeleton hits you.
* * * LOW HITPOINT WARNING * * *
You hit the bullfrog skeleton.
The bullfrog skeleton is almost destroyed.
The bullfrog skeleton hits you!
* * * LOW HITPOINT WARNING * * *
You hit the bullfrog skeleton but do no damage.
The bullfrog skeleton is almost destroyed.
The bullfrog skeleton closely misses you.
The bullfrog skeleton hits you.
You die...

Action                   |  1- 3 |  4- 6 || total
-------------------------+-------+-------++-------
Melee: Hand axe          |    14 |   133 ||   147
       Dagger            |       |    49 ||    49
       Flail             |       |    12 ||    12
 Abil: Spit Poison       |    11 |    16 ||    27
  Use: Scroll            |     1 |       ||     1
 Stab: Sleeping          |       |    15 ||    15
       Distracted        |       |     1 ||     1
Armor: Leather armour    |     1 |    50 ||    51
Dodge: Dodged            |     9 |    92 ||   101

Levels and vault maps discovered:
D:1:      amcnicky_arrival_single_pillar, layout_loops_cross,
          minmay_misc_feat_square, minmay_stone_trees_small
D:2:      layout_basic, old_standard_altar, nicolae_overflow_hidden_temple
D:3:      lemuel_upstairs_altar, layout_loops_ring, led_sif_book
D:4:      minmay_evil_eye, layout_basic, lemuel_crystal_altar
D:5:      layout_loops_ring, overflow_temple_1_default, basic_altar,
          uniq_sigmund

Notes
Turn   | Place    | Note
-------+----------+-------------------------------------------
     0 | D:5      | sanka the Naga Delver began the quest for the Orb.
     0 | D:5      | Reached XP level 1. HP: 21/21 MP: 1/1
     5 | D:5      | Found a stormy altar of Qazlal.
    20 | D:5      | Noticed a centaur
    47 | D:5      | Reached XP level 2. HP: 22/28 MP: 2/2
   124 | D:5      | Reached skill level 8 in Stealth
   151 | D:5      | Reached XP level 3. HP: 14/34 MP: 3/3
   431 | D:2      | Found a broken altar of Ashenzari.
   499 | D:3      | Found a shimmering blue altar of Sif Muna.
   553 | D:3      | Reached skill level 3 in Axes
   553 | D:3      | Reached XP level 4. HP: 30/44 MP: 4/4
   662 | D:3      | Reached skill level 4 in Fighting
   806 | D:3      | Reached XP level 5. HP: 20/50 MP: 5/5
  2152 | D:2      | Found a basalt altar of Yredelemnul.
  2464 | D:2      | Reached skill level 4 in Axes
  3101 | D:2      | Reached XP level 6. HP: 55/60 MP: 6/6
  3722 | D:4      | Reached skill level 5 in Fighting
  3791 | D:4      | Found a white marble altar of Elyvilon.
  4258 | D:4      | HP: 4/61 [bullfrog skeleton (7)]
  4259 | D:4      | Slain by a bullfrog skeleton

Vanquished Creatures
  A hound (D:5)
  2 orc priests (D:4)
  4 orc wizards
  5 adders
  3 worms
  2 dart slugs
  2 leopard geckos
  14 orcs
  A ball python (D:3)
  6 bats
  8 giant cockroaches
  5 goblins
  A hobgoblin (D:2)
  4 jackals (D:2)
  6 kobolds
  2 quokkas
  3 frilled lizards
  8 rats
77 creatures vanquished.

Table legend: (Time is in decaauts)
 A = Elapsed time spent in this place.
 B = Non-inter-level travel time spent in this place.
 C = Inter-level travel time spent in this place.
 D = Time resting spent in this place.
 E = Time spent auto-exploring this place.
 F = Levels seen in this place.
 G = Mean time per level.
                   A        B        C        D        E       F      G
               +--------+--------+--------+--------+--------+-----+--------+
         Total |   5218 |   5097 |    121 |   1190 |   2930 |   5 | 1043.6 |
       Dungeon |   5218 |   5097 |    121 |   1190 |   2930 |   5 | 1043.6 |
               +--------+--------+--------+--------+--------+-----+--------+

Top non-repeatable levels by time:
     D:2: 1773 daAuts
     D:3: 1246 daAuts
     D:1: 1066 daAuts
     D:4: 582 daAuts
     D:5: 549 daAuts
